TOP OF THE 1ST |
Florida Men batting - Pitching for Bloomington Longnecks : LHP Robby Oglethorpe
|
Pitching: LHP Robby Oglethorpe
|
|
Batting: SHB Henrique de Senna Fernandes
|
0-0: Ball 1-0: Foul Ball, location: 2F 1-1: Swinging Strike 1-2: Ball 2-2: Foul Ball, location: 2F 2-2: Foul Ball, location: 2F 2-2: Foul Ball, location: 2F 2-2: Foul Ball, location: 2F 2-2: Ball 3-2: Strikes out swinging
|
Batting: RHB Todd Sentell
|
0-0: Ground out 6-3 (Groundball, 6)
|
Batting: LHB Alfred Miles
|
0-0: Ball 1-0: Ball 2-0: Called Strike 2-1: Ground out 4-3 (Groundball, 4)
|
Top of the 1st over - 0 runs, 0 hits, 0 errors, 0 left on base; Florida 0 - Bloomington 0 |
BOTTOM OF THE 1ST |
Bloomington Longnecks batting - Pitching for Florida Men : RHP Atila Freska
|
Pitching: RHP Atila Freska
|
|
Batting: SHB Benedict Patel
|
0-0: Ball 1-0: Ball 2-0: Swinging Strike 2-1: Swinging Strike 2-2: Foul Ball, location: 2F 2-2: Foul Ball, location: 2F 2-2: Ball 3-2: Foul Ball, location: 2F 3-2: Foul Ball, location: 2F 3-2: Foul Ball, location: 2F 3-2: Base on Balls
|
Batting: RHB Yu-shu Tseng
|
0-0: Ball 1-0: Ball 2-0: SINGLE (Groundball, 6MD) Benedict Patel to second Runner from 2nd tries for 3rd, SAFE, no throw
|
Batting: RHB Carlos Cardona
|
0-0: Swinging Strike 0-1: Ball 1-1: Swinging Strike 1-2: Reached on error, E4 (Groundball, 4) Benedict Patel scores Yu-shu Tseng to second
|
Batting: RHB Miguel Elías
|
0-0: Called Strike Yu-shu Tseng steals 3rd base 0-1: Ball 1-1: Called Strike 1-2: Ball 2-2: Foul Ball, location: 2F 2-2: Strikes out swinging
|
Batting: LHB Marshall Willis
|
0-0: Ball 1-0: Ball 2-0: Ball 3-0: Called Strike 3-1: Base on Balls Carlos Cardona to second
|
Batting: RHB Toussiant L'Ouverture
|
0-0: Ground out 5-3 (Groundball, 56S) Yu-shu Tseng scores Carlos Cardona to third Marshall Willis to second
|
Batting: RHB Sébastien Bernard
|
0-0: Ball 1-0: Fly out, F7 (Line Drive, 7D)
|
Bottom of the 1st over - 2 runs, 1 hit, 1 error, 2 left on base; Florida 0 - Bloomington 2 |
TOP OF THE 2ND |
Florida Men batting - Pitching for Bloomington Longnecks : LHP Robby Oglethorpe
|
Batting: RHB Jorge Díaz
|
0-0: Swinging Strike 0-1: Ball 1-1: Foul Ball, location: 2F 1-2: Fly out, F4 (Line Drive, 6M)
|
Batting: RHB Vojtech Farkas
|
0-0: Ball 1-0: SINGLE (Line Drive, 9S)
|
Batting: RHB Jur Prokop
|
0-0: Fly out, F7 (Flyball, 7LS)
|
Batting: LHB Bastyão Lizardo
|
0-0: Called Strike 0-1: Foul Ball, location: 2F 0-2: Ball Wild Pitch! Vojtech Farkas to second 1-2: Ball 2-2: Ball 3-2: Ground out 6-3 (Groundball, 6)
|
Top of the 2nd over - 0 runs, 1 hit, 0 errors, 1 left on base; Florida 0 - Bloomington 2 |
BOTTOM OF THE 2ND |
Bloomington Longnecks batting - Pitching for Florida Men : RHP Atila Freska
|
Batting: RHB Fletcher Megarity
|
0-0: Ball 1-0: Ball 2-0: Called Strike 2-1: Called Strike 2-2: DOUBLE (Line Drive, 7LD)
|
Batting: RHB Eun-bum Kim
|
0-0: Fly out, F6 (Popup, P)
|
Batting: SHB Benedict Patel
|
0-0: Called Strike 0-1: Ball 1-1: Foul Ball, location: 2F 1-2: Ball 2-2: Ball 3-2: Foul Ball, location: 2F 3-2: Base on Balls
|
Batting: RHB Yu-shu Tseng
|
0-0: Fielders Choice at 2nd, 6-4 (Groundball, 6) Fletcher Megarity to third
|
Batting: RHB Carlos Cardona
|
0-0: Ball 1-0: Fly out, F9 (Flyball, 9D)
|
Bottom of the 2nd over - 0 runs, 1 hit, 0 errors, 2 left on base; Florida 0 - Bloomington 2 |
TOP OF THE 3RD |
Florida Men batting - Pitching for Bloomington Longnecks : LHP Robby Oglethorpe
|
Batting: RHB Henry Lambright
|
0-0: Called Strike 0-1: Ball 1-1: Foul Ball, location: 2F 1-2: Ball 2-2: Strikes out swinging
|
Batting: SHB Spencer Landes
|
0-0: Ball 1-0: Swinging Strike 1-1: Swinging Strike 1-2: Strikes out looking
|
Batting: SHB Henrique de Senna Fernandes
|
0-0: Ball 1-0: SINGLE (Line Drive, 8RS)
|
Batting: RHB Todd Sentell
|
0-0: Ball Wild Pitch! Henrique de Senna Fernandes to second 1-0: Ball 2-0: Fly out, F9 (Flyball, 9D)
|
Top of the 3rd over - 0 runs, 1 hit, 0 errors, 1 left on base; Florida 0 - Bloomington 2 |
BOTTOM OF THE 3RD |
Bloomington Longnecks batting - Pitching for Florida Men : RHP Atila Freska
|
Batting: RHB Miguel Elías
|
0-0: Foul Ball, location: 2F 0-1: Swinging Strike 0-2: Ball 1-2: SOLO HOME RUN (Flyball, 7LD), Distance : 346 ft
|
Batting: LHB Marshall Willis
|
0-0: SINGLE (Line Drive, 6D)
|
Batting: RHB Toussiant L'Ouverture
|
0-0: Ball 1-0: Ball 2-0: Ball 3-0: Called Strike 3-1: Base on Balls Marshall Willis to second
|
Batting: RHB Sébastien Bernard
|
0-0: Ball 1-0: Called Strike 1-1: Ball 2-1: Foul Ball, location: 2F 2-2: Strikes out swinging
|
Batting: RHB Fletcher Megarity
|
0-0: Ball Throwing error on steal attempt, E2 Marshall Willis scores Toussiant L'Ouverture to third 1-0: Ball 2-0: Called Strike 2-1: Swinging Strike 2-2: Ball 3-2: TRIPLE (Flyball, 9LD) Toussiant L'Ouverture scores
|
Batting: RHB Eun-bum Kim
|
0-0: Ball 1-0: Ball 2-0: Called Strike 2-1: Called Strike 2-2: Ball 3-2: Base on Balls
|
Batting: SHB Benedict Patel
|
0-0: Called Strike 0-1: Ball 1-1: Called Strike 1-2: Ball 2-2: Foul Ball, location: 2F 2-2: Foul Ball, location: 2F 2-2: Ball 3-2: SINGLE (Groundball, 56D) Fletcher Megarity scores Eun-bum Kim to second
|
Batting: RHB Yu-shu Tseng
|
0-0: Ball 1-0: Foul Ball, location: 2F 1-1: Called Strike 1-2: Ball 2-2: Foul Ball, location: 2F 2-2: Ball 3-2: Strikes out looking
|
Batting: RHB Carlos Cardona
|
0-0: Ball 1-0: Ball Eun-bum Kim steals 3rd base Benedict Patel to second 2-0: Called Strike 2-1: Ball 3-1: Base on Balls
|
Batting: RHB Miguel Elías
|
0-0: Ball 1-0: Ground out 5-3 (Groundball, 56S)
|
Bottom of the 3rd over - 4 runs, 4 hits, 1 error, 3 left on base; Florida 0 - Bloomington 6 |
TOP OF THE 4TH |
Florida Men batting - Pitching for Bloomington Longnecks : LHP Robby Oglethorpe
|
Batting: LHB Alfred Miles
|
0-0: Ball 1-0: Ball 2-0: Called Strike 2-1: SINGLE (Groundball, 56D)
|
Batting: RHB Jorge Díaz
|
0-0: SINGLE (Groundball, 6D) Alfred Miles to second
|
Batting: RHB Vojtech Farkas
|
0-0: Ball 1-0: Ground out U3 (Groundball, 34S) Alfred Miles to third Jorge Díaz to second
|
Batting: RHB Jur Prokop
|
0-0: Foul Ball, location: 2F 0-1: Ball 1-1: Ball 2-1: Fly out, F8 (Line Drive, 8LM) Runner from 3rd tags up, SCORES, no throw
|
Batting: LHB Bastyão Lizardo
|
0-0: Ball 1-0: Ball 2-0: Called Strike 2-1: Foul Ball, location: 2F 2-2: Strikes out looking
|
Top of the 4th over - 1 run, 2 hits, 0 errors, 1 left on base; Florida 1 - Bloomington 6 |
BOTTOM OF THE 4TH |
Bloomington Longnecks batting - Pitching for Florida Men : RHP Atila Freska
|
Batting: LHB Marshall Willis
|
0-0: Swinging Strike 0-1: Foul Ball, location: 2F 0-2: Fly out, F5 (Popup, 5SF)
|
Batting: RHB Toussiant L'Ouverture
|
0-0: Fly out, F9 (Flyball, 89S)
|
Batting: RHB Sébastien Bernard
|
0-0: Called Strike 0-1: Ground out 1-3 (Groundball, 13)
|
Bottom of the 4th over - 0 runs, 0 hits, 0 errors, 0 left on base; Florida 1 - Bloomington 6 |
TOP OF THE 5TH |
Florida Men batting - Pitching for Bloomington Longnecks : LHP Robby Oglethorpe
|
Batting: RHB Henry Lambright
|
0-0: Foul Ball, location: 2F 0-1: Ball 1-1: Foul Ball, location: 2F 1-2: Strikes out looking
|
Batting: SHB Spencer Landes
|
0-0: Ball 1-0: Ball 2-0: Ball 3-0: Base on Balls
|
Batting: SHB Henrique de Senna Fernandes
|
0-0: Ball 1-0: SINGLE (Line Drive, 89S) Spencer Landes to second
|
Batting: RHB Todd Sentell
|
0-0: Ball 1-0: Foul Ball, location: 2F 1-1: SINGLE (Line Drive, 4D) Spencer Landes to third Henrique de Senna Fernandes to second
|
Batting: LHB Alfred Miles
|
0-0: Ground out 5-3 (Groundball, 2L) Spencer Landes scores Henrique de Senna Fernandes to third Todd Sentell to second
|
Batting: RHB Jorge Díaz
|
0-0: Ball 1-0: SINGLE (Line Drive, 56) Henrique de Senna Fernandes scores Todd Sentell to third Runner from 3rd tries for Home, throw and OUT!
|
Top of the 5th over - 2 runs, 3 hits, 0 errors, 1 left on base; Florida 3 - Bloomington 6 |
BOTTOM OF THE 5TH |
Bloomington Longnecks batting - Pitching for Florida Men : RHP Atila Freska
|
Batting: RHB Fletcher Megarity
|
0-0: Called Strike 0-1: Foul Ball, location: 2F 0-2: Ground out 5-3 (Groundball, 56)
|
Batting: RHB Eun-bum Kim
|
0-0: Ground out 5-3 (Groundball, 56S)
|
Batting: SHB Benedict Patel
|
0-0: Ball 1-0: Foul Ball, location: 2F 1-1: Ball 2-1: Foul Ball, location: 2F 2-2: Fly out, F8 (Flyball, 8LXD)
|
Bottom of the 5th over - 0 runs, 0 hits, 0 errors, 0 left on base; Florida 3 - Bloomington 6 |
TOP OF THE 6TH |
Florida Men batting - Pitching for Bloomington Longnecks : LHP Robby Oglethorpe
|
Batting: RHB Vojtech Farkas
|
0-0: Swinging Strike 0-1: Called Strike 0-2: Ball 1-2: Ball 2-2: Ground out 5-3 (Groundball, 56S)
|
Batting: RHB Jur Prokop
|
0-0: Called Strike 0-1: Swinging Strike 0-2: Ball 1-2: Strikes out swinging
|
Batting: LHB Bastyão Lizardo
|
0-0: Ground out 6-3 (Groundball, 6)
|
Top of the 6th over - 0 runs, 0 hits, 0 errors, 0 left on base; Florida 3 - Bloomington 6 |
BOTTOM OF THE 6TH |
Bloomington Longnecks batting - Pitching for Florida Men : RHP Atila Freska
|
Batting: RHB Yu-shu Tseng
|
0-0: Ball 1-0: Foul Ball, location: 2F 1-1: Ball 2-1: Fly out, F7 (Flyball, 78M)
|
Batting: RHB Carlos Cardona
|
0-0: Ball 1-0: Ball 2-0: Called Strike 2-1: Ball 3-1: Foul Ball, location: 2F 3-2: Fly out, F6 (Popup, 6)
|
Batting: RHB Miguel Elías
|
0-0: Ball 1-0: Reached via error on a dropped throw, E1
|
Pitching: LHP Raymond Allan
|
|
Batting: LHB Marshall Willis
|
0-0: Foul Ball, location: 2F 0-1: Called Strike 0-2: Foul Ball, location: 2F 0-2: Ball 1-2: Strikes out swinging
|
Bottom of the 6th over - 0 runs, 0 hits, 1 error, 1 left on base; Florida 3 - Bloomington 6 |
TOP OF THE 7TH |
Florida Men batting - Pitching for Bloomington Longnecks : LHP Robby Oglethorpe
|
Batting: RHB Henry Lambright
|
0-0: Fly out, F8 (Flyball, 8LD)
|
Batting: SHB Spencer Landes
|
0-0: Called Strike 0-1: Fly out, F8 (Flyball, 8LM)
|
Pitching: RHP Dermot Eridge
|
|
Batting: SHB Henrique de Senna Fernandes
|
0-0: Ball 1-0: Foul Ball, location: 2F 1-1: Fly out, F8 (Flyball, 8LS)
|
Top of the 7th over - 0 runs, 0 hits, 0 errors, 0 left on base; Florida 3 - Bloomington 6 |
BOTTOM OF THE 7TH |
Bloomington Longnecks batting - Pitching for Florida Men : LHP Raymond Allan
|
Batting: RHB Toussiant L'Ouverture
|
0-0: Called Strike 0-1: Foul Ball, location: 2F 0-2: Ball 1-2: Ball 2-2: Foul Ball, location: 2F 2-2: Strikes out swinging
|
Batting: RHB Sébastien Bernard
|
0-0: Fly out, F5 (Popup, 5F)
|
Batting: RHB Fletcher Megarity
|
0-0: Ball 1-0: Swinging Strike 1-1: Called Strike 1-2: Foul Ball, location: 2F 1-2: Strikes out swinging
|
Bottom of the 7th over - 0 runs, 0 hits, 0 errors, 0 left on base; Florida 3 - Bloomington 6 |
TOP OF THE 8TH |
Florida Men batting - Pitching for Bloomington Longnecks : RHP Dermot Eridge
|
Batting: RHB Todd Sentell
|
0-0: Called Strike 0-1: Fly out, F7 (Flyball, 7LS)
|
Batting: LHB Alfred Miles
|
0-0: Called Strike 0-1: Foul Ball, location: 2F 0-2: Ball 1-2: SINGLE (Groundball, 34D)
|
Batting: RHB Jorge Díaz
|
0-0: Ball 1-0: Ball 2-0: Fielders Choice at 2nd, 4-6 (Groundball, 4)
|
Batting: RHB Vojtech Farkas
|
0-0: Ball 1-0: Ball 2-0: Called Strike 2-1: Swinging Strike 2-2: Fly out, F8 (Flyball, 8RXD)
|
Top of the 8th over - 0 runs, 1 hit, 0 errors, 1 left on base; Florida 3 - Bloomington 6 |
BOTTOM OF THE 8TH |
Bloomington Longnecks batting - Pitching for Florida Men : LHP Raymond Allan
|
Batting: RHB Eun-bum Kim
|
0-0: Swinging Strike 0-1: Ball 1-1: Swinging Strike 1-2: SINGLE (Groundball, 4MD)
|
Batting: SHB Benedict Patel
|
0-0: Ball 1-0: Ball 2-0: Called Strike 2-1: Swinging Strike 2-2: Ground out 5-3 (Groundball, 56S) Eun-bum Kim to second
|
Batting: RHB Yu-shu Tseng
|
0-0: Fly out, F7 (Flyball, 78D)
|
Batting: RHB Carlos Cardona
|
0-0: Foul Ball, location: 2F 0-1: Ball 1-1: Called Strike 1-2: Fly out, F2 (Popup, 25F)
|
Bottom of the 8th over - 0 runs, 1 hit, 0 errors, 1 left on base; Florida 3 - Bloomington 6 |
TOP OF THE 9TH |
Florida Men batting - Pitching for Bloomington Longnecks : RHP Dermot Eridge
|
Pitching: RHP Mark Zaugg
|
|
Batting: RHB Jur Prokop
|
0-0: Bunted foul 0-1: Foul Ball, location: 2F 0-2: Ball 1-2: Strikes out swinging
|
Batting: LHB Bastyão Lizardo
|
0-0: Foul Ball, location: 2F 0-1: Ball 1-1: Ball 2-1: Ground out 4-3 (Groundball, 4S)
|
Batting: RHB Henry Lambright
|
0-0: Swinging Strike 0-1: SINGLE (Line Drive, 8LS)
|
Batting: SHB Spencer Landes
|
0-0: Ball 1-0: Swinging Strike 1-1: SINGLE (Flyball, 9LS) Henry Lambright to second
|
Batting: SHB Henrique de Senna Fernandes
|
0-0: Called Strike 0-1: Called Strike 0-2: Foul Ball, location: 2F 0-2: Ball 1-2: Ball 2-2: SINGLE (Line Drive, 5D) Henry Lambright to third Spencer Landes to second
|
Batting: RHB Todd Sentell
|
0-0: Called Strike 0-1: Swinging Strike 0-2: Foul Ball, location: 2F 0-2: Ball 1-2: Fielders Choice at 2nd, 5-4 (Groundball, 56)
|
Top of the 9th over - 0 runs, 3 hits, 0 errors, 3 left on base; Florida 3 - Bloomington 6 |
|